 Dungeon Crawl Stone Soup version 0.25-a0-50-gf0389da217 (webtiles) character file.

Game seed: 7734172135712945200, levelgen mode: deterministic

35 Napalmbreeze the Ducker (level 3, 0/18 HPs)
             Began as a Felid Berserker on Oct 24, 2019.
             Was a Follower of Trog.
             Slain by Sigmund
             ... wielding a +2 scythe of flaming
              (3 damage)
             ... while paralysed
             ... on level 2 of the Dungeon.
             The game lasted 00:02:08 (1058 turns).

Napalmbreeze the Ducker (Felid Berserker)           Turns: 1058, Time: 00:02:09

Health: 0/18       AC:  1    Str: 14    XL:     3   Next: 16%
Magic:  4/4        EV:  4    Int:  8    God:    Trog [*.....]
Gold:   29         SH:  0    Dex: 15    Spells: 2/2 levels left
                                        Lives:  0   Deaths: 0

rFire    . . .     SeeInvis +     - Unarmed
rCold    . . .     Gourm    .   (shield unavailable)
rNeg     . . .     Faith    .   (armour unavailable)
rPois    .         Spirit   .   (helmet unavailable)
rElec    .         Reflect  .   (cloak unavailable)
rCorr    .         Harm     .   (gloves unavailable)
MR       .....                  (boots unavailable)
Stlth    ++........             (no amulet)
HPRegen  0.06/turn              (no ring)
MPRegen  0.09/turn              (no ring)

@: paralysed, berserk cooldown, slowed, quick
A: very small, no armour, no weapons or thrown items, stealth, claws 1, fangs 3,
see invisible, carnivore, speed 1, shaggy fur 1, slow metabolism 1, sharp paws
a: Berserk, Renounce Religion


You were on level 2 of the Dungeon.
You worshipped Trog.
Trog was aware of your devotion.
You were not hungry.

You visited 1 branch of the dungeon, and saw 2 of its levels.

You collected 29 gold pieces.

Inventory:

Scrolls
 b - 3 scrolls of identify {unknown}
 d - a scroll of remove curse {unknown}
 e - a scroll of fog {unknown}
 i - a scroll of amnesia {unknown}
Potions
 c - a potion of curing {unknown}
 f - a potion of resistance {unknown}
 g - a potion of might {unknown}
 h - 2 potions of mutation {unknown}
Comestibles
 a - 2 rations


   Skills:
 * Level 3.7 Fighting
 + Level 4.5 Dodging
 + Level 3.3 Unarmed Combat


You had 2 spell levels left.
You didn't know any spells.
Your spell library was empty.

Dungeon Overview and Level Annotations

Branches:
Dungeon (2/15)

Altars:

Annotations:
D:2 Sigmund


Innate Abilities, Weirdness & Mutations

You cannot wear armour.
You are incapable of wielding weapons or throwing items.
Your paws allow you to move quietly. (Stealth)
You have sharp claws.
You have razor-sharp teeth.
You have supernaturally acute eyesight. (SInv)
You are carnivorous and can eat meat at any time.
You cover ground quickly.
You are covered in fur. (AC +1)
You have a slow metabolism.
Your sharp claws are effective at attacking unaware monsters.


Message History

You feel a strong urge to attack something.
Sigmund the Dreaded comes into view.
He is wielding a +2 scythe of flaming.
Sigmund shouts!
The rat barely misses you.
You claw the rat!
You kill the rat!
Trog accepts your kill.
A hobgoblin comes into view. It is wielding a +0 club.
You see here a rat corpse.
You feel a strong urge to attack something.
Sigmund screams, "I am the angel of ZOT!!!"
You are no longer berserk.
You pass out from exhaustion.
You feel yourself slow down.
Sigmund hits you with a +2 scythe of flaming.
Sigmund burns you.
Sigmund hits you with a +2 scythe of flaming!
* * * LOW HITPOINT WARNING * * *
Sigmund burns you.
You die...

#.# #. ..#...## #.# ..
$....$?. # ##.## # #.
#.#...##.# #.... ## #.#.
#.#...##.###....
...#[#.##.............##
.......r................
#.........##.##.###..##
#..g@@.†....##.# #..#
#.#.#####.##.##.# #..##
#.##.##.###....
##.#..........##
..........###..#
##.......##......
#⌠.....⌠#..#..#.
#⌠⌠...⌠⌠#.....##
##⌠⌠⌠⌠⌠######.#


You could see Sigmund, a hobgoblin and a rat.

Vanquished Creatures
  2 dart slugs (D:1)
  2 leopard geckos (D:2)
  4 goblins
  5 hobgoblins (D:1)
  2 bats
  4 frilled lizards
  6 kobolds
  4 rats
29 creatures vanquished.

Notes
Turn   | Place    | Note
-------+----------+-------------------------------------------
     0 | D:1      | Napalmbreeze the Felid Berserker began the quest for the
                  | Orb.
     0 | D:1      | Reached XP level 1. HP: 10/10 MP: 2/2
   285 | D:1      | Reached XP level 2. HP: 14/14 MP: 3/3
   953 | D:2      | Reached XP level 3. HP: 18/18 MP: 4/4
  1052 | D:2      | Noticed Sigmund
  1058 | D:2      | Slain by Sigmund

Levels and vault maps discovered:
D:1:      elethiomel_arrival_shortcut, layout_loops_cross, dk_noncrumbling_4
D:2:      layout_loops_ring, kennysheep_nub, uniq_sigmund

Action                   || total
-------------------------++-------
Melee: Unarmed           ||    54
       Bite              ||     6
       Punch             ||     1
Invok: Berserk           ||     6
 Stab: Sleeping          ||     3
  Eat: Chunk             ||     8
Armor: Skin              ||     2
Dodge: Dodged            ||    42

Table legend:
 A = Non-vault XP
 B = Vault XP
 C = Vault XP percentage of total XP
 D = Non-vault monster count
 E = Vault monster count
 F = Vault count percentage of total count
                 A         B        C        D         E       F
            +---------+---------+-------+---------+---------+-------
      Total |      50 |       0 |   0.0 |      29 |       0 |   0.0
            +---------+---------+-------+---------+---------+-------
        D:1 |      35 |       0 |   0.0 |      20 |       0 |   0.0
        D:2 |      15 |       0 |   0.0 |       9 |       0 |   0.0
            +---------+---------+-------+---------+---------+-------
